AoeStats
← fornies03

Arena

510183838Analyzed
1v1 RM · 4d ago on Sep 29, 2026· 49m 42s· 2 players
Game mode
Random Map
Map size
Tiny (2 player)
Population
200
Speed
Normal
Resources
Standard
Victory
Conquest
Starting age
Dark Age
Ending age
Imperial Age
RankedLock teamsTeams togetherTeam positionsShared explorationLock speedFull tech treeHidden civsTurbo modeCheats
Victory
Defeat
🇬🇧 Portuguese · United Kingdom
632
+11
🇪🇸 Britons · Spain
524
-11
fornies03
3:02 Loom
11:58 Feudal Age
16:20 Feudal Age
17:25 Double-Bit Axe
18:15 Wheelbarrow
17:26 Town Watch
17:32 Gold Mining
17:34 Stone Mining
17:25 Horse Collar
20:16 Forging
20:06 Scale Mail Armor
26:24 Castle Age
23:58 Man-at-Arms
24:23 Arson
24:42 Padded Archer Armor
24:33 Fletching
28:56 Hand Cart
28:41 Town Patrol
28:58 Heavy Plow
30:14 Pikeman
30:55 Squires
30:15 Long Swordsman
30:24 Elite Skirmisher
31:25 Leather Archer Armor
33:15 Crossbowman
45:44 Imperial Age
43:20 Bodkin Arrow
44:03 Yeomen
44:44 Iron Casting
44:24 Chain Mail Armor
50:08 Chemistry
48:54 Arrowslits
48:59 Guard Tower
49:20 Fortified Wall
49:00 Heated Shot
49:16 Siege Engineers
49:07 Murder Holes
48:52 Treadmill Crane
49:23 Masonry
HarryJGraham
5:22 Loom
13:39 Feudal Age
14:45 Gold Mining
14:46 Double-Bit Axe
14:46 Horse Collar
20:22 Castle Age
19:23 Fletching
19:48 Stone Mining
24:42 Wheelbarrow
24:20 Elite Skirmisher
28:05 Bodkin Arrow
33:28 Imperial Age
32:44 Hand Cart
32:53 Hand Cart
34:46 Conscription
36:31 Chemistry
35:28 Murder Holes
36:32 Siege Engineers
37:21 Bow Saw
38:26 Stone Shaft Mining
39:06 Two-Man Saw
38:30 Bracer
39:56 Bombard Tower
45:05 Town Watch
46:33 Arquebus
48:35 Ballistics
47:58 Treadmill Crane
48:30 Masonry
Connection lost

Rejoining the realm…

Still unreachable

The connection could not be restored.

Session expired

The server has moved on; the page needs a fresh start.